Map: Void Thrashing

Players

wasp

  • Race: Protoss Protoss
  • Spawn Location: 6:00

NamroodTuo

  • Race: Zerg Zerg

VOD

Have the link to the VOD?

Description

Time

  • Played on: April 18, 2023, 9:58 a.m.
  • Length: 18:46
Show
View Real Time Build Order
Export as new Build Order

wasp Protoss 

Build Orders:  

Get SALT Encoding   

  12  0:05  Probe (Chrono Boost)  
  13  0:32  Pylon  
  13  1:06  Gateway  
  13  1:15  Gateway  
  13  1:18  Probe (Chrono Boost)  
  14  1:30  Probe (Chrono Boost)  
  15  1:42  Probe (Chrono Boost)  
  16  1:54  Probe (Chrono Boost)  
  17  2:06  Probe (Chrono Boost)  
  17  2:08  Pylon  
  18  2:13  Pylon  
  18  2:17  Pylon  
  18  2:18  Probe (Chrono Boost)  
  19  2:30  Probe (Chrono Boost)  
  19  2:37  Sentinel x2  
  24  3:54  Sentinel x2  
  28  4:27  Sentinel x2  
  28  4:30  Pylon  
  28  4:32  Pylon  
  28  4:34  Sentinel x2  
  32  4:40  Sentinel x2  
  32  4:47  Sentinel x2  
  36  5:16  Pylon  
  36  5:18  Sentinel  
  44  5:20  Pylon  
  44  5:23  Sentinel  
  36  7:46  Nexus  
  36  7:54  Probe (Chrono Boost)  
  37  8:06  Probe (Chrono Boost)  
  38  8:11  Assimilator  
  38  8:16  Assimilator  
  38  8:40  Assimilator  
  38  8:45  Assimilator  
  38  9:16  Gateway  
  38  9:18  Gateway  
  38  10:00  Gateway  
  38  10:03  Gateway  
  38  10:10  Pylon  
  38  10:12  Pylon  
  38  10:18  Pylon  
  38  10:24  Pylon  
  38  10:28  Pylon  
  38  10:33  Pylon  
  38  10:34  Pylon  
  38  10:38  Pylon x2  
  65  10:40  Probe (Chrono Boost)  
  38  10:41  Pylon  
  38  10:42  Probe (Chrono Boost)  
  38  10:43  Pylon  
  38  10:44  Probe (Chrono Boost)  
  38  10:45  Pylon  
  38  10:47  Probe (Chrono Boost)  
  38  10:48  Pylon  
  38  10:49  Probe (Chrono Boost)  
  39  10:51  Probe (Chrono Boost)  
  39  10:54  Probe (Chrono Boost)  
  39  10:56  Probe (Chrono Boost)  
  39  10:57  Pylon  
  42  11:00  Probe (Chrono Boost)  
  46  11:12  Probe (Chrono Boost)  
  48  11:24  Probe (Chrono Boost)  
  49  11:36  Probe (Chrono Boost)  
  50  11:48  Probe (Chrono Boost), Sentinel x4  
  50  11:49  Sentinel x2  
  63  12:00  Probe (Chrono Boost)  
  64  12:12  Probe (Chrono Boost)  
  65  12:21  Sentinel x4  
  65  12:22  Sentinel  
  65  12:24  Probe (Chrono Boost)  
  76  12:36  Probe (Chrono Boost)  
  77  12:49  Probe (Chrono Boost)  
  78  13:01  Probe (Chrono Boost)  
  79  13:13  Probe (Chrono Boost)  
  80  13:33  Sentinel x2  
  80  13:34  Sentinel x4  
  92  14:06  Sentinel x2  
  92  14:07  Sentinel x4  
  104  14:39  Sentinel x2  
  104  14:40  Sentinel x4  
  114  15:12  Sentinel x2  
  114  15:13  Sentinel x4  
  126  16:16  Sentinel x2  
  126  16:17  Sentinel x4  
  136  16:49  Sentinel x2  
  102  16:50  Sentinel x4  
  142  17:22  Sentinel x2  
  142  17:23  Sentinel x4  
  152  17:50  Pylon  
  152  17:55  Sentinel x2  
  152  17:56  Sentinel x4  
Show
View Real Time Build Order
Export as new Build Order

NamroodTuo Zerg 

Build Orders:  

Get SALT Encoding   

  12  0:18  Infested Barracks  
  12  0:27  Infested SCV  
  13  0:33  Infested SCV  
  14  0:40  Infested SCV  
  15  0:58  Overlord  
  15  1:05  Infestation Level 1  
  15  1:22  Infested SCV  
  15  1:26  Infested SCV  
  17  1:35  Infested SCV  
  18  1:40  Infested SCV  
  18  1:42  Infested SCV  
  20  1:52  Overlord  
  20  1:57  Infested SCV  
  21  2:07  Infested SCV  
  22  2:22  Infested SCV  
  22  2:29  Infested Refinery  
  23  2:58  Infested Bunker  
  27  3:00  Infested SCV  
  27  3:07  Infested SCV  
  29  3:18  Infested Engineering Bay  
  29  3:24  Infestation Level 2  
  29  3:55  Overlord x4  
  29  4:21  Infested Command Center  
  29  5:12  Stukov Infantry Weapons Level 1  
  29  5:28  Infested Barracks Tech Lab  
  29  5:43  Infested SCV  
  29  5:45  Overlord  
  29  5:46  Infested SCV, Infested Refinery  
  29  5:47  Infested SCV x2  
  33  5:57  Anaerobic Enhancement  
  33  6:23  Infested Bunker  
  33  6:24  Infested Command Center  
  33  6:26  Infested SCV x3  
  40  6:58  Infested SCV x3  
  40  6:59  Infested SCV  
  44  7:02  Retinal Augmentation  
  48  7:35  Infested Bunker  
  48  7:39  Infested SCV  
  49  7:40  Infested SCV x2, Infested Missile Turret  
  51  7:56  Infested SCV  
  52  8:14  Stukov Infantry Armor Level 1  
  56  8:21  Infested SCV x2  
  56  8:22  Plagued Munitions  
  56  8:24  Infested SCV  
  56  8:25  Infested Bunker  
  59  8:33  Infested Factory  
  59  8:34  Unknown  
  59  9:15  Stukov Infantry Weapons Level 2  
  59  9:44  Infested SCV  
  59  9:45  Infested SCV x4  
  59  9:46  Infested Bunker  
  68  9:52  Infested Refinery  
  68  9:56  Infested Refinery  
  68  10:06  Infested Armory  
  76  10:50  Infested Bunker  
  76  10:57  Infested SCV  
  76  10:58  Infested SCV  
  82  11:00  Infested SCV  
  82  11:05  Aggressive Incubation  
  83  11:11  Infestation Level 3  
  83  11:15  Infested SCV x2  
  85  11:40  Infested Bunker  
  85  11:49  Overlord x3  
  85  11:50  Overlord x4  
  85  12:32  Infested Bunker  
  85  12:48  Stukov Infantry Armor Level 2  
  93  12:50  Infested Barracks  
  93  12:52  Infested Bunker  
  93  13:01  Infested SCV x2  
  95  13:24  Broodling Gestation  
  99  13:35  Overseer x2  
  99  13:36  Overseer x3  
  99  13:37  Infested Bunker  
  99  13:42  Infested Bunker  
  99  14:02  Infested Missile Turret  
  99  14:06  Infested Colonist Compound  
  103  14:31  Infested Bunker  
  103  14:45  Infested Bunker  
  103  14:49  Infested Bunker  
  111  14:58  Overlord  
  115  15:00  Infested Bunker  
  115  15:30  Infested Marine  
  115  15:31  Infested Marine x19  
  115  15:32  Infested Marine x7  
  142  15:50  Calcified Armor  
  142  16:42  Regenerative Plating  
  142  16:46  Infested Marine x8  
  142  16:47  Infested Marine x12  
  142  16:48  Infested Marine x2  
  142  16:49  Infested Marine x2  
  148  16:51  Overlord  
  148  16:52  Overlord x8  
  148  16:53  Overlord  
  148  17:16  Infested Marine  
  148  17:17  Infested Marine x10  
  148  17:18  Infested Marine x15  
  162  17:35  Infested Marine  
  162  17:36  Infested Marine x8  
  148  17:59  Infested Bunker  
  158  18:04  Infested Bunker  
  158  18:08  Infested Marine x3  
  158  18:09  Infested Marine x12  
  172  18:11  Infested Marine  
  172  18:15  Infested Bunker  
Tags
 
Commander
KaraxStukov
Matchup
Co-op
Replay Pack
Multiplayer
Add a new tag
Caveats
  • Supply blocks, unpowered buildings, or Contaminate may cause inaccurate times.
  • Supply counts are checked every 10 seconds.